 Dungeon Crawl Stone Soup version 0.26.0-10-g1f06aea511 (webtiles) character file.

Game seed: 4431108373979691825

53 inc the Ducker (level 3, -5/17 HPs)
             Began as a Felid Chaos Knight on Jan 31, 2021.
             Was a Plaything of Xom.
             Killed by nerve-wracking pain
             ... invoked by Jessica
              (14 damage)
             ... on level 3 of the Dungeon.
             The game lasted 00:01:26 (1277 turns).

inc the Ducker (Felid Chaos Knight)                 Turns: 1277, Time: 00:01:27

Health: -5/17      AC:  2    Str:  5 (6)  XL:     3   Next: 64%
Magic:  4/4        EV: 20    Int: 13      God:    Xom [......]
Gold:   86         SH:  0    Dex: 15 (16) Spells: 2/2 levels left
                                        Lives:  0   Deaths: 0

rFire    . . .     SeeInvis +     - Unarmed
rCold    . . .     Faith    .   (shield unavailable)
rNeg     . . .     Spirit   .   (armour unavailable)
rPois    .         Reflect  .   (helmet unavailable)
rElec    .         Harm     .   (cloak unavailable)
rCorr    .         Rampage  .   (gloves unavailable)
Will     .....                  (boots unavailable)
Stlth    ++........             (no amulet)
HPRegen  0.05/turn              (no ring)
MPRegen  0.09/turn              (no ring)

@: quick
A: very small, no armour, no weapons or thrown items, stealth, claws 1, fangs 3,
rugged brown scales 1, see invisible, deterioration 2, speed 1, shaggy fur 1,
weak 1, sharp paws
a: Renounce Religion


You were on level 3 of the Dungeon.
You worshipped Xom.
You were a very special plaything of Xom.
You visited 1 branch of the dungeon, and saw 4 of its levels.

You collected 86 gold pieces.

Inventory:

Jewellery
 e - a +4 ring of slaying {unknown}
Scrolls
 a - 2 scrolls of remove curse {unknown}
 d - a scroll of identify {unknown}
 g - a scroll of amnesia {unknown}
 i - 2 scrolls of magic mapping {unknown}
 j - a scroll of immolation {unknown}
Potions
 b - a potion of cancellation {unknown}
 c - a potion of curing {unknown}
 f - 2 potions of heal wounds {unknown}
 h - 3 potions of haste {unknown}


   Skills:
 - Level 3.0 Fighting
 + Level 4.6 Dodging
 + Level 3.9 Unarmed Combat


You had 2 spell levels left.
You didn't know any spells.
Your spell library was empty.

Dungeon Overview and Level Annotations

Branches:
Dungeon (4/15)
 Temple: D:4-7

Altars:
Vehumet

Annotations:
D:3 Jessica


Innate Abilities, Weirdness & Mutations

You cannot wear armour.
You are incapable of wielding weapons or throwing items.
Your paws allow you to move quietly. (Stealth)
You have sharp claws.
You have razor-sharp teeth.
You have supernaturally acute eyesight. (SInv)
You cover ground quickly.
You are covered in fur. (AC +1)
Your sharp claws are effective at attacking unaware monsters.
You are partially covered in rugged brown scales. (AC +1, +3% HP)
Your body often deteriorates upon taking damage.
You are weak. (Str -2)


Message History

Jessica the Apprentice Sorceress comes into view.
She is wielding a +0 dagger.
Jessica shouts!
Found 9 gold pieces.
Jessica barely misses you.
You scratch Jessica but do no damage. Jessica hits you with a +0 dagger!
Your body deteriorates!
You feel clumsy.
You scratch Jessica. You bite Jessica, but do no damage.
Jessica is moderately wounded.
You barely miss Jessica.
Jessica is moderately wounded.
Jessica hits you with a +0 dagger.
You scratch Jessica but do no damage.
Jessica is moderately wounded.
Jessica completely misses you.
You scratch Jessica.
Jessica is heavily wounded.
Jessica gestures at you while chanting. Pain shoots through your body!
Ouch! That really hurt!
You die...

#........ #....)...
#..††.... ##.).####. ##
##....##### #.##
#....#....< #.$.
#####.#..#.####
##..@###.......†..#
#....@...##......##
#........###.###..####
#..........#..# ##....##
#.......[....####.##.#..
...........### #..##....
...........# ###.)##..
#..........# #.># ..
##........## #..##....
##. .#..


You could see Jessica.

Vanquished Creatures
  A worm (D:3)
  3 goblins
  4 hobgoblins
  7 kobolds
  3 bats
  3 frilled lizards
  4 rats (D:1)
25 creatures vanquished.

Vanquished Creatures (collateral kills)
  A scorpion (D:4)
1 creature vanquished.

Grand Total: 26 creatures vanquished

Notes
Turn   | Place    | Note
-------+----------+-------------------------------------------
     0 | D:1      | inc the Felid Chaos Knight began the quest for the Orb.
     0 | D:1      | Reached XP level 1. HP: 10/10 MP: 2/2
   184 | D:1      | Reached XP level 2. HP: 12/14 MP: 3/3
   403 | D:1      | XOM: silly message
   561 | D:1      | XOM: give mutations
   561 | D:1      | Gained mutation: You are weak. (Str -2) [Xom's mischief]
   561 | D:1      | Gained mutation: You are partially covered in rugged brown
                  | scales. (AC +1, +3% HP) [Xom's mischief]
   561 | D:1      | Gained mutation: Your body sometimes deteriorates upon
                  | taking damage. [Xom's mischief]
   561 | D:1      | Gained mutation: Your body often deteriorates upon taking
                  | damage. [Xom's mischief]
   689 | D:2      | You fall into a shaft and drop 2 floors!
   728 | D:4      | Found a radiant altar of Vehumet.
   731 | D:4      | Noticed a scorpion
   732 | D:4      | XOM: cast spell 'Summon Dragon'
   739 | D:4      | Killed a scorpion
   740 | D:4      | Reached skill level 4 in Dodging
   740 | D:4      | Reached XP level 3. HP: 5/17 MP: 4/4
  1175 | D:3      | XOM: stat loss: -1 Str (5/6)
  1271 | D:3      | Noticed Jessica
  1277 | D:3      | Killed from afar by Jessica

Illustrated notes

Levels and vault maps discovered:
D:1:      minmay_arrival_split_and_join, layout_loops_ring
D:2:      layout_loops_ring
D:3:      layout_rooms, marbit_many_paths, lemuel_crystal_altar,
          biasface_ghost_orc_armoury, st_stairs_7, grunt_decor_one_mirror,
          uniq_jessica
D:4:      layout_loops_ring, nicolae_qazlal_style_of_elements, tgw_trog,
          nicolae_overflow_hidden_temple, lemuel_doored_altar, uniq_menkaure

Skill      XL: |  1  2 |
---------------+-------+-----
Dodging        | 4 |  4.6
Fighting       | |  3.0
Unarmed Combat | |  3.9

Action                   || total
-------------------------++-------
Melee: Unarmed           ||    70
       Bite              ||     7
       Punch             ||     1
 Stab: Sleeping          ||     5
Armor: Skin              ||     1
Dodge: Dodged            ||    38
